 Dungeon Crawl Stone Soup version 0.19.5 (webtiles) character file.

233 Patchouli the Cudgeler (level 6, 0/61 HPs)
             Began as an Ogre Warper on Mar 17, 2017.
             Was a Follower of Ru.
             Slain by a worm (7 damage)
             ... on level 4 of the Dungeon.
             The game lasted 00:13:57 (1775 turns).

Patchouli the Cudgeler (Ogre Warper)                Turns: 1775, Time: 00:13:58

Health: 0/61       AC:  3    Str: 15    XL:     6   Next: 4%
Magic:  0/11       EV: 10    Int: 14    God:    Ru [*.....]
Gold:   99         SH:  0    Dex:  9    Spells: 2 memorised, 8 levels left

rFire  . . .     SeeInvis .     a - +0 mace
rCold  . . .     Gourm    .     b - +0 robe
rNeg   . . .     Faith    .     (no shield)
rPois  +         Spirit   +     (helmet restricted)
rElec  .         Reflect  .     (no cloak)
rCorr  .         Harm     .     (gloves unavailable)
MR     .....                    (boots unavailable)
Stlth  +.........               l - amulet of guardian spirit
                                (no ring)
                                (no ring)

@: lethally poisoned (0 -> -1), very slightly contaminated
A: unfitting armour, poison resistance, tough skin 1, weak 1, hated by all
a: Renounce Religion


You were on level 4 of the Dungeon.
You worshipped Ru.
Ru was aware of your devotion.
You were very hungry.

You visited 1 branch of the dungeon, and saw 4 of its levels.

You collected 99 gold pieces.

Inventory:

Hand Weapons
 a - a +0 mace (weapon)
Missiles
 k - 70 stones (quivered)
Armour
 b - a +0 robe (worn)
Jewellery
 l - an amulet of guardian spirit (around neck)
Scrolls
 d - a scroll of blinking
 g - 7 scrolls of identify {unknown}
 n - 4 scrolls of enchant weapon {unknown}
Potions
 h - a potion of agility
Books
 c - a book of Spatial Translocations

   Spells                             Type                      Level
   a - Blink                          Translocation                2
   b - Shroud of Golubria             Charms/Translocation         2
   c - Lesser Beckoning               Translocation                3
   d - Portal Projectile              Translocation                3
   e - Teleport Other                 Translocation                3
   f - Passage of Golubria            Translocation                4
Comestibles
 f - 4 bread rations
 i - a chunk of flesh
 m - a slice of pizza


   Skills:
 + Level 3.6 Fighting
 * Level 4.2 Maces & Flails
 + Level 2.3 Throwing
 + Level 2.6 Dodging
 * Level 3.6 Spellcasting
 + Level 1.0 Charms
 + Level 2.7 Translocations


You had 8 spell levels left.
You knew the following spells:

 Your Spells              Type           Power        Failure   Level  Hunger
a - Blink                 Tloc           N/A          12%         2    ##.....
b - Shroud of Golubria    Chrm/Tloc      #.........   17%         2    ##.....


Dungeon Overview and Level Annotations

Branches:
Dungeon (4/15)
 Temple: D:4-7

Altars:
Ru
Zin

Shops:
D:2 *


Innate Abilities, Weirdness & Mutations

You are too large for most types of armour.
You have tough skin. (AC +1)
You are hated by all.
Your system is resistant to poisons. (rPois)
You are weak. (Str -2)


Message History

Unknown command.
Unknown command.
Unknown command.
Unknown command.
Unknown command.
Unknown command.
Unknown command.
Unknown command.
Unknown command.
Unknown command.
Unknown command.
Unknown command.
Unknown command.
Unknown command.
Unknown command.
You feel sick. The worm bites you.
* * * LOW HITPOINT WARNING * * *
You see here 11 gold pieces.
The worm bites you!
You die...

.....####..§§§§§###..##
...###.....§§§§§§.(.(#
...#.......?8§§§§.(..# .
...#........?§§§§(.###..
..##..###....§§§####.... ####
#.....#########....... ##...
#..................... ####....
###8...........w.......###..#....
..#####......a.$@.######....#....
.<....#############.........#....
.............#........[.....#....
.............'..............#....
..##....###..###......##...###..#
'###....###..###......########..#
......................#....#.....
......................#....'.....
......................#....#.....


You could see a worm and a worker ant.

Vanquished Creatures
  2 hounds
  An iguana (D:4)
  Natasha (twice) (D:2)
  2 worker ants (D:4)
  A gnoll (D:1)
  An adder (D:3)
  4 worms
  2 leopard geckos (D:1)
  An orc (D:4)
  A giant cockroach (D:3)
  7 goblins
  A hobgoblin (D:1)
  4 bats
  3 frilled lizards
  4 kobolds
  A leopard gecko skeleton (D:4)
  3 rats
40 creatures vanquished.

Vanquished Creatures (others)
  A rat (D:2)
1 creature vanquished.

Grand Total: 41 creatures vanquished

Notes
Turn   | Place    | Note
-------+----------+-------------------------------------------
     0 | D:1      | Patchouli the Ogre Warper began the quest for the Orb.
     0 | D:1      | Reached XP level 1. HP: 22/22 MP: 3/3
    61 | D:1      | Reached skill level 3 in Maces & Flails
    61 | D:1      | Reached XP level 2. HP: 12/31 MP: 5/5
    65 | D:1      | Learned a level 2 spell: Blink
    90 | D:2      | Found Zin's Purification Station.
    94 | D:2      | Found a glowing silver altar of Zin.
   115 | D:2      | Learned a level 2 spell: Shroud of Golubria
   486 | D:2      | Found a faded altar of an unknown god.
   500 | D:2      | Reached XP level 3. HP: 37/37 MP: 1/7
   505 | D:2      | Became a worshipper of Ru the Awakened
   509 | D:2      | Gained mutation: You are hated by all. [Ru sacrifice]
   509 | D:2      | Reached * piety under Ru
   552 | D:2      | Noticed Natasha
   569 | D:2      | Killed Natasha
  1007 | D:3      | Reached XP level 4. HP: 28/45 MP: 1/8
  1174 | D:2      | Noticed Natasha
  1182 | D:2      | Killed Natasha
  1246 | D:3      | Reached XP level 5. HP: 51/53 MP: 4/9
  1356 | D:4      | Reached skill level 4 in Maces & Flails
  1468 | D:4      | Reached skill level 1 in Charms
  1744 | D:4      | Reached XP level 6. HP: 31/61 MP: 1/11
  1756 | D:4      | Gained mutation: Your system is resistant to poisons. (rPois) [potion of mutation]
  1756 | D:4      | Gained mutation: You are weak. (Str -2) [potion of mutation]
  1775 | D:4      | Slain by a worm

Skill      XL: |  1  2  3  4  5 |
---------------+----------------+-----
Fighting       | 3 |  3.6
Maces & Flails | 3 4 |  4.2
Spellcasting   | 3 |  3.6
Throwing       | 2 |  2.3
Charms         | 1 |  1.0
Dodging        | |  2.6
Translocations | |  2.7

Action                   |  1- 3 |  4- 6 || total
-------------------------+-------+-------++-------
Melee: Mace              |    90 |    97 ||   187
Throw: Tomahawk          |     3 |     2 ||     5
       Stone             |       |    20 ||    20
 Cast: Shroud of Golubri |    11 |    14 ||    25
       Blink             |     5 |     7 ||    12
Invok: Sacrifice Love    |     1 |       ||     1
  Use: Potion            |       |     4 ||     4
       Scroll            |       |     5 ||     5
  Eat: Chunk             |     1 |     4 ||     5
Armor: Robe              |    37 |    19 ||    56
Dodge: Dodged            |    58 |    52 ||   110
